[Event "Titled Tuesday Blitz June 13 Early 2023"]
[White "benny_aizenberg"]
[Black "Safin, Robert"]
[BlackFideId "34189120"]
[WhiteElo "2706"]
[BlackElo "2341"]
[Result "0-1"]
[Round "6"]
[TimeControl "180+2"]
[Date "2023.06.13"]
[WhiteClock "0:00:04"]
[BlackClock "0:00:14"]
[Board "67"]

1. d4 Nf6 2. c4 e6 3. Nf3 d5 4. Nc3 c5 5. cxd5 cxd4 6. Qxd4 exd5 7. Bg5 Be7 8. e3 h6 9. Bh4 O-O 10. Be2 Nc6 11. Qd1 Be6 12. O-O Qb6 13. a3 Rac8 14. Na4 Qd8 15. b4 g5 16. Bg3 Ne4 17. Rc1 Bf6 18. Bd3 Nxg3 19. hxg3 b6 20. Bb1 Ne5 21. Nd4 Nc4 22. Qd3 Re8 23. Qh7+ Kf8 24. Nxe6+ Rxe6 25. Bf5 Bg7 26. Bxe6 fxe6 27. Qg6 Qe8 28. Qxe8+ Kxe8 29. Rc2 Kd7 30. e4 d4 31. Rfc1 d3 32. Rxc4 Rxc4 33. Rxc4 d2 34. Nc3 Bxc3 35. Rxc3 d1=Q+ 36. Kh2 e5 37. Rf3 Ke6 38. g4 Qc1 39. Re3 Qf1 40. Kg3 b5 41. Rf3 Qb1 42. Re3 Qc1 43. Kf3 Qc8 44. Kg3 Qf8 45. f3 Qf4+ 46. Kf2 h5 47. gxh5 Qh4+ 48. Kf1 Qxh5 49. Rd3 Qh1+ 50. Kf2 Qa1 51. Re3 Qa2+ 52. Kf1 Qd2 53. Re2 Qc1+ 54. Kf2 Qxa3 55. Rc2 Qxb4 56. Rc6+ Kd7 57. Rg6 a5 58. Rxg5 Qd2+ 59. Kf1 Qxg5 60. g4 Kd6 61. Kg2 Kc5 62. Kh3 Kd4 63. f4 exf4 64. e5 Ke3 65. e6 Kf3 66. e7 Qh6# 0-1


[Site "https://www.chess.com"]

[Event "Titled Tuesday Blitz June 13 Early 2023"]
[White "Makhnev, Denis"]
[Black "Garakov, Mikhael"]
[WhiteFideId "13707647"]
[BlackFideId "4169034"]
[WhiteElo "2515"]
[BlackElo "2347"]
[Result "1/2-1/2"]
[Round "6"]
[TimeControl "180+2"]
[Date "2023.06.13"]
[WhiteClock "0:00:08"]
[BlackClock "0:00:11"]
[Board "68"]

1. Nf3 c5 2. c4 b6 3. d4 cxd4 4. Nxd4 Bb7 5. Nc3 Nf6 6. f3 e6 7. e4 d6 8. Be3 Be7 9. Be2 O-O 10. O-O a6 11. Qd2 Nc6 12. Rfd1 Rc8 13. Rac1 Ne5 14. b3 Qc7 15. Bf1 Kh8 16. Na4 Rg8 17. Qf2 Nfd7 18. Ne2 Bd8 19. Nf4 Bc6 20. Nd5 exd5 21. cxd5 Nc5 22. dxc6 Qxc6 23. Bxa6 Ra8 24. Nxc5 bxc5 25. Bf1 Be7 26. h3 Qb7 27. f4 Nd7 28. Qf3 Nb6 29. a4 Rge8 30. Bb5 Red8 31. Rc2 Bf6 32. Rcd2 Be7 33. e5 d5 34. Bc4 Rab8 35. Bxd5 Nxd5 36. Rxd5 Qxb3 37. Rxd8+ Rxd8 38. Rxd8+ Bxd8 39. Bxc5 Qxa4 40. Qd5 Qe8 41. f5 h5 42. e6 fxe6 43. fxe6 Bf6 44. e7 Bxe7 45. Bxe7 Qxe7 46. Qxh5+ Kg8 47. Qd5+ Kh7 48. Kh2 Qc7+ 49. Kg1 Qc1+ 50. Kf2 Qf4+ 51. Qf3 Qd2+ 52. Qe2 Qd4+ 53. Qe3 Qb2+ 54. Kg3 Qf6 55. Qf4 Qc3+ 56. Kg4 Qe1 57. Qf5+ Kg8 58. Qd5+ Kh7 59. h4 Qe2+ 60. Kg3 Qe1+ 61. Kg4 Qe2+ 62. Qf3 Qe1 63. Qf5+ Kh8 64. h5 Qe2+ 65. Qf3 Qe6+ 66. Kg5 Qe5+ 67. Kh4 Qe7+ 68. Kh3 Qe6+ 69. g4 Qe1 70. Qf8+ Kh7 71. Qf5+ Kh8 72. Qf3 Qe6 73. Kh4 Qe7+ 74. g5 Qb4+ 75. Kh3 Qe7 76. Qa8+ Kh7 77. Qd5 Qe3+ 78. Kg4 Qe2+ 79. Qf3 Qe6+ 80. Qf5+ Qxf5+ 81. Kxf5 Kh8 82. g6 Kg8 83. Ke6 Kf8 84. Kd7 Kg8 85. Ke7 Kh8 86. Ke8 Kg8 87. Ke7 Kh8 88. h6 Kg8 89. h7+ Kh8 90. Kf7 1/2-1/2


[Site "https://www.chess.com"]

[Event "Titled Tuesday Blitz June 13 Early 2023"]
[White "MKlose11"]
[Black "Maevsky, Nikolay"]
[BlackFideId "4198220"]
[WhiteElo "2541"]
[BlackElo "2021"]
[Result "0-1"]
[Round "6"]
[TimeControl "180+2"]
[Date "2023.06.13"]
[WhiteClock "0:00:06"]
[BlackClock "0:00:27"]
[Board "69"]

1. e4 c6 2. Nc3 d5 3. g3 dxe4 4. Nxe4 Bf5 5. Bg2 e6 6. Ne2 Nd7 7. d4 Ngf6 8. N2c3 Nxe4 9. Nxe4 Be7 10. O-O O-O 11. c3 Nf6 12. Nxf6+ Bxf6 13. Bf4 Re8 14. Re1 Qb6 15. Qb3 Qxb3 16. axb3 Bc2 17. b4 a6 18. Be5 Be7 19. h4 Red8 20. Bc7 Rd7 21. Bb6 Rc8 22. Bf3 Kf8 23. Re2 Bd3 24. Re3 Bc2 25. Bc5 h6 26. Bh5 Kg8 27. Bxe7 Rxe7 28. f4 Rd7 29. Bg4 Rcd8 30. Rae1 Rd6 31. Kf2 Kf8 32. Re5 Rd5 33. R5e3 a5 34. Bf3 Rb5 35. Be2 Rb6 36. Rc1 Bh7 37. b5 cxb5 38. Re5 Rd5 39. Ke3 Ke7 40. Ra1 a4 41. Kd2 f6 42. Rxd5 exd5 43. Bd1 Be4 44. b3 axb3 45. Bxb3 Ra6 46. Ra2 Kd6 47. Kc1 g5 48. hxg5 fxg5 49. fxg5 hxg5 50. Rh2 Ra1+ 51. Kb2 Rg1 52. Rh6+ Kc7 53. Rh3 Kb6 54. Ka3 Ka5 55. Rh8 Rxg3 56. Ra8+ Kb6 57. Kb4 g4 58. Rg8 Rg1 59. Rg5 g3 60. Bxd5 Bxd5 61. Rxd5 Rb1+ 62. Ka3 g2 63. Rd6+ Kc7 0-1


[Site "https://www.chess.com"]

[Event "Titled Tuesday Blitz June 13 Early 2023"]
[White "Sowul, Bartosz"]
[Black "Jaracz, Pawel"]
[WhiteFideId "1137590"]
[BlackFideId "1102222"]
[WhiteElo "2188"]
[BlackElo "2454"]
[Result "0-1"]
[Round "6"]
[TimeControl "180+2"]
[Date "2023.06.13"]
[WhiteClock "0:00:00"]
[BlackClock "0:00:08"]
[Board "70"]

1. e4 d6 2. d4 Nf6 3. Nc3 e5 4. Nf3 Nbd7 5. Bc4 Be7 6. a4 O-O 7. O-O c5 8. dxe5 dxe5 9. h3 Qc7 10. a5 h6 11. Qe2 Rd8 12. Nh4 Nf8 13. Nf5 Ne6 14. Nb5 Qd7 15. c3 Bf8 16. Na3 Qc6 17. Re1 Kh7 18. Bb5 Qc7 19. Nc4 g6 20. Ng3 Bg7 21. Ba4 Nf4 22. Bxf4 exf4 23. Nf1 Be6 24. Nfd2 Rab8 25. Bc2 b5 26. axb6 axb6 27. Nf3 b5 28. Nce5 b4 29. Ra6 bxc3 30. bxc3 Rb2 31. Rxe6 fxe6 32. Nc4 Rxc2 33. Qxc2 Qc6 34. Nfe5 Qa6 35. Nd2 Nd7 36. Nxd7 Rxd7 37. Nf3 Qd3 38. Qc1 Bxc3 39. Rf1 e5 40. Qa3 c4 41. Qa6 Qxe4 42. Rc1 Bd4 43. Qxc4 Qd5 44. Qe2 e4 45. Nh4 f3 46. gxf3 Qg5+ 47. Kh2 Qf4+ 48. Kg2 Qxc1 49. Qxe4 Qg5+ 50. Kh2 Be5+ 51. Kh1 Rd1+ 0-1


[Site "https://www.chess.com"]

[Event "Titled Tuesday Blitz June 13 Early 2023"]
[White "Brunner, Nicolas"]
[Black "Kucuksari, Kaan"]
[WhiteFideId "620246"]
[BlackFideId "6380166"]
[WhiteElo "2319"]
[BlackElo "2364"]
[Result "0-1"]
[Round "6"]
[TimeControl "180+2"]
[Date "2023.06.13"]
[WhiteClock "0:00:08"]
[BlackClock "0:00:39"]
[Board "71"]

1. Nf3 g6 2. g3 Bg7 3. d4 b6 4. Bg2 Bb7 5. O-O Nf6 6. c4 O-O 7. Nc3 Ne4 8. Bd2 Nxd2 9. Qxd2 d6 10. e4 c5 11. d5 Nd7 12. Ne1 a6 13. a4 b5 14. cxb5 axb5 15. Nxb5 Ne5 16. Qc2 Ba6 17. Nf3 Qa5 18. Nxe5 Bxe5 19. Ra3 Bxb5 20. axb5 Qxb5 21. Rb1 Rfb8 22. Rxa8 Rxa8 23. Bf1 Qb4 24. b3 Ra3 25. Bc4 Qa5 26. Qd1 Qb4 27. Qc2 Bd4 28. Kg2 Qa5 29. Rf1 Ra2 30. Qd3 Rd2 31. Qf3 Qa2 32. h4 h5 33. Kg1 Kg7 34. Kg2 Qb2 35. Kg1 Rc2 36. Kg2 Rc3 37. Qd1 Be5 38. Qb1 Rxg3+ 39. Kh1 Rh3+ 40. Kg1 Qc3 41. Rd1 Qf3 0-1


[Site "https://www.chess.com"]

[Event "Titled Tuesday Blitz June 13 Early 2023"]
[White "Timerkhanov, Alexander"]
[Black "Devaev, Alexander"]
[WhiteFideId "24177938"]
[BlackFideId "4169395"]
[WhiteElo "2278"]
[BlackElo "2172"]
[Result "1-0"]
[Round "6"]
[TimeControl "180+2"]
[Date "2023.06.13"]
[WhiteClock "0:00:39"]
[BlackClock "0:00:00"]
[Board "72"]

1. d4 Nf6 2. Bg5 Ne4 3. Bf4 c5 4. f3 Nf6 5. d5 d6 6. Nc3 a6 7. a4 g6 8. e4 Bg7 9. Qd2 h6 10. g4 h5 11. g5 Nfd7 12. Be3 Ne5 13. h3 O-O 14. f4 Ned7 15. Nf3 b6 16. Bc4 Bb7 17. O-O Qc7 18. Rae1 b5 19. axb5 Nb6 20. b3 N8d7 21. Bf2 Nxc4 22. bxc4 Qa5 23. e5 axb5 24. cxb5 Nb6 25. Qd3 Qa3 26. f5 dxe5 27. Nxe5 Na4 28. Nxa4 Qxd3 29. Nxd3 Rxa4 30. Nxc5 Ra7 31. Nd7 Raa8 32. Nxf8 Kxf8 33. c4 gxf5 34. Bc5 Rc8 35. Bxe7+ Kg8 36. Bf6 Bf8 37. Be7 Rxc4 38. Bxf8 Kxf8 39. Rxf5 Rc5 40. b6 Rb5 41. Ref1 Bxd5 42. b7 Kg8 43. Rxd5 1-0


[Site "https://www.chess.com"]

[Event "Titled Tuesday Blitz June 13 Early 2023"]
[White "Manukian, Artak"]
[Black "Darini, Pouria"]
[WhiteFideId "13301373"]
[BlackFideId "12502200"]
[WhiteElo "2130"]
[BlackElo "2482"]
[Result "0-1"]
[Round "6"]
[TimeControl "180+2"]
[Date "2023.06.13"]
[WhiteClock "0:01:58"]
[BlackClock "0:01:06"]
[Board "73"]

1. e4 g6 2. d4 Bg7 3. c4 d6 4. Nc3 e5 5. d5 a5 6. Bd3 Na6 7. Nge2 Nc5 8. Bc2 f5 9. f3 Bh6 10. O-O Bxc1 11. Qxc1 f4 12. Na4 b6 13. Nxc5 bxc5 14. Ba4+ Bd7 15. Bxd7+ Qxd7 16. Nc3 Nf6 17. b3 g5 18. h3 h5 19. Kf2 g4 20. hxg4 hxg4 21. Rh1 Ke7 22. Ke2 Rag8 23. Rxh8 Rxh8 24. Qd1 Rh2 25. Qg1 gxf3+ 26. Kd3 Rxg2 27. Qh1 Qg4 28. Qh8 f2 29. Rf1 Rg1 30. Rxf2 Qg3+ 0-1


[Site "https://www.chess.com"]

[Event "Titled Tuesday Blitz June 13 Early 2023"]
[White "Souleidis, Georgios"]
[Black "Perera Alfonso, Rene Humberto"]
[WhiteFideId "4206827"]
[BlackFideId "3514722"]
[WhiteElo "2401"]
[BlackElo "2313"]
[Result "1-0"]
[Round "6"]
[TimeControl "180+2"]
[Date "2023.06.13"]
[WhiteClock "0:02:19"]
[BlackClock "0:02:21"]
[Board "74"]

1. e4 c5 2. Be2 Nc6 3. d3 g6 4. f4 Bg7 5. Nf3 e6 6. O-O Nge7 7. c3 d5 8. Na3 O-O 9. Nc2 b5 10. a3 a5 11. e5 Ba6 12. d4 cxd4 13. Ncxd4 Qb6 14. Be3 Qb7 15. b4 Rfc8 16. Qd2 Nxd4 17. Nxd4 Rc7 18. g4 Rac8 19. Rac1 Nc6 20. Nxc6 Qxc6 21. Bd4 axb4 22. axb4 Bf8 23. f5 Bxb4 24. cxb4 Qxc1 25. Rxc1 Rxc1+ 26. Kf2 1-0


[Site "https://www.chess.com"]

[Event "Titled Tuesday Blitz June 13 Early 2023"]
[White "Koshulyan, Egor A."]
[Black "Toncheva, Nadya"]
[WhiteFideId "24237000"]
[BlackFideId "2924056"]
[WhiteElo "2216"]
[BlackElo "2101"]
[Result "0-1"]
[Round "6"]
[TimeControl "180+2"]
[Date "2023.06.13"]
[WhiteClock "0:00:33"]
[BlackClock "0:00:23"]
[Board "75"]

1. e4 c5 2. Nf3 Nc6 3. d4 cxd4 4. Nxd4 g6 5. Nc3 Bg7 6. Be3 Nf6 7. Bc4 O-O 8. Bb3 d6 9. f3 Bd7 10. Qd2 Rc8 11. O-O-O Na5 12. h4 h5 13. Bh6 Nc4 14. Bxc4 Rxc4 15. Bxg7 Kxg7 16. g4 Rh8 17. g5 Ne8 18. f4 Bg4 19. Rdf1 Qb6 20. Nb3 Nc7 21. f5 Rf8 22. f6+ exf6 23. gxf6+ Kh7 24. Rf4 Be6 25. Rf3 Nb5 26. Nxb5 Qxb5 27. Qxd6 Rfc8 28. Kb1 Rxc2 29. Qd3 Qxd3 30. Rxd3 Rf2 31. Nd4 Rxf6 32. Nf3 Bg4 33. Ng5+ Kg7 34. Rb3 Rc7 35. e5 Rf2 36. Re1 Bf5+ 37. Ka1 Re2 38. Rd1 Rxe5 39. Rb4 Rec5 40. a4 Rc1+ 41. Rxc1 Rxc1+ 42. Ka2 Rc7 43. Re4 0-1


[Site "https://www.chess.com"]

[Event "Titled Tuesday Blitz June 13 Early 2023"]
[White "Rodchenkov, Sergey D."]
[Black "Sadykov, Ramil"]
[WhiteFideId "4168712"]
[BlackFideId "24113590"]
[WhiteElo "2277"]
[BlackElo "2245"]
[Result "0-1"]
[Round "6"]
[TimeControl "180+2"]
[Date "2023.06.13"]
[WhiteClock "0:00:15"]
[BlackClock "0:00:10"]
[Board "76"]

1. e4 c5 2. Nf3 e6 3. d4 cxd4 4. Nxd4 Nf6 5. Nc3 Bb4 6. e5 Nd5 7. Bd2 Bxc3 8. bxc3 O-O 9. Bd3 d6 10. f4 dxe5 11. fxe5 Nd7 12. O-O Nxe5 13. Bxh7+ Kxh7 14. Qh5+ Kg8 15. Qxe5 f6 16. Qg3 e5 17. Nf3 Bf5 18. Rad1 Qb6+ 19. Kh1 Ne3 20. Bxe3 Qxe3 21. Nh4 Qxg3 22. hxg3 Bxc2 23. Rd7 Rf7 24. Rd6 Rc8 25. Rf3 Rfc7 26. g4 Rxc3 27. Rf2 Be4 28. Kh2 Rc2 29. Rf1 Rxa2 30. Re1 Rc4 31. Rd8+ Kh7 32. Re3 Bc6 33. Rh3 Rxg4 34. Rc8 g5 35. Nf5+ Kg6 36. Ne3 Rh4 37. Rg8+ Kf7 38. Rxh4 Kxg8 39. Rb4 Kf7 40. Rb3 Ke6 41. Rd3 f5 42. Nc4 Rxg2+ 43. Kh3 Rg4 44. Rd6+ Ke7 45. Rh6 Rxc4 46. Rh7+ Ke6 47. Kg3 Rc3+ 48. Kf2 g4 49. Rh6+ Kd5 50. Kg2 Kd4+ 51. Kf2 f4 52. Ke1 Rc2 53. Rg6 Ke3 54. Kd1 Bf3+ 55. Kxc2 Be4+ 56. Kc3 Bxg6 57. Kc4 g3 58. Kc5 g2 0-1


[Site "https://www.chess.com"]

[Event "Titled Tuesday Blitz June 13 Early 2023"]
[White "De Silva, L M S T"]
[Black "Ciorgovean, Iustin"]
[WhiteFideId "9953698"]
[BlackFideId "1242911"]
[WhiteElo "2395"]
[BlackElo "2186"]
[Result "1/2-1/2"]
[Round "6"]
[TimeControl "180+2"]
[Date "2023.06.13"]
[WhiteClock "0:01:03"]
[BlackClock "0:00:26"]
[Board "77"]

1. e4 e5 2. Nc3 Nf6 3. Bc4 Bb4 4. Nge2 O-O 5. O-O d6 6. d3 c6 7. f4 Nbd7 8. Ng3 b5 9. Bb3 Nc5 10. fxe5 dxe5 11. Bg5 Nxb3 12. Bxf6 gxf6 13. axb3 Kh8 14. Nh5 Be7 15. Qf3 Be6 16. Nxf6 Bxf6 17. Qxf6+ Qxf6 18. Rxf6 a5 19. Rff1 Kg7 20. Nd1 f5 21. exf5 Rxf5 22. Rxf5 Bxf5 23. Ne3 Be6 24. Kf2 a4 25. Ke2 Rb8 26. bxa4 bxa4 27. Nd1 Bg4+ 28. Kd2 Bxd1 29. Kxd1 Rxb2 30. Rxa4 Rb1+ 31. Kd2 Rh1 32. h3 Rg1 33. Rg4+ Kf6 34. c4 h5 35. Rg3 c5 36. Ke3 Re1+ 37. Kf2 Rd1 38. Rf3+ Ke6 39. Kg3 Rg1 40. Kh2 Rd1 41. g4 hxg4 42. hxg4 e4 43. dxe4 Rd4 44. g5 Rxe4 45. g6 Rxc4 46. Rg3 Rh4+ 47. Kg2 Rh8 48. g7 Rg8 49. Rg5 1/2-1/2


[Site "https://www.chess.com"]

[Event "Titled Tuesday Blitz June 13 Early 2023"]
[White "Veiga, Jose Francisco R P Neves"]
[Black "Berezin, Viktor"]
[WhiteFideId "1930087"]
[BlackFideId "14107872"]
[WhiteElo "2319"]
[BlackElo "2310"]
[Result "1-0"]
[Round "6"]
[TimeControl "180+2"]
[Date "2023.06.13"]
[WhiteClock "0:01:21"]
[BlackClock "0:00:14"]
[Board "78"]

1. c4 Nf6 2. Nc3 g6 3. e4 d6 4. g3 Bg7 5. Bg2 O-O 6. Nge2 Nc6 7. d4 e5 8. d5 Na5 9. Qd3 c5 10. O-O a6 11. f4 exf4 12. Bxf4 b5 13. cxb5 axb5 14. Nxb5 Qb6 15. a4 Ng4 16. Qc2 Ne5 17. Kh1 Bd7 18. Nec3 f5 19. Rae1 Nb7 20. b3 Rae8 21. Bh3 fxe4 22. Bxd7 Nxd7 23. Nxe4 Be5 24. Bh6 Rxf1+ 25. Rxf1 Bg7 26. Bxg7 Kxg7 27. Ng5 Ne5 28. Ne6+ Kg8 29. Qf2 h5 30. Qf6 1-0


[Site "https://www.chess.com"]

[Event "Titled Tuesday Blitz June 13 Early 2023"]
[White "Zochowski, Kacper"]
[Black "Ginzburg, Yakov"]
[WhiteFideId "1125494"]
[BlackFideId "4157176"]
[WhiteElo "2235"]
[BlackElo "2305"]
[Result "0-1"]
[Round "6"]
[TimeControl "180+2"]
[Date "2023.06.13"]
[WhiteClock "0:00:00"]
[BlackClock "0:00:05"]
[Board "79"]

1. Nf3 Nf6 2. c4 c6 3. e3 d5 4. Nc3 a6 5. b3 b5 6. Bb2 Bg4 7. Be2 e6 8. O-O Nbd7 9. h3 Bh5 10. d3 Bd6 11. e4 b4 12. Na4 dxe4 13. dxe4 Nxe4 14. Nd4 Bxe2 15. Qxe2 Ndf6 16. Nxc6 Qc7 17. c5 Bh2+ 18. Kh1 Qxc6 19. Kxh2 O-O 20. Rad1 Rad8 21. Kg1 Rd5 22. Rxd5 exd5 23. Qe3 Re8 24. Qd4 Ng5 25. Qf4 Ne6 26. Qg3 Ne4 27. Qe3 f6 28. Rc1 a5 29. f3 Ng3 30. Qf2 Nf4 31. Kh2 Nge2 32. Rd1 Qc7 33. g3 Nxg3 34. Kxg3 Nd3+ 35. Kg2 Nxf2 36. Rxd5 Nd3 37. Rxd3 Re2+ 38. Kf1 Qh2 0-1


[Site "https://www.chess.com"]

[Event "Titled Tuesday Blitz June 13 Early 2023"]
[White "Agibileg, Uurtsaikh"]
[Black "Pham, Le Thao Nguyen"]
[WhiteFideId "4901606"]
[BlackFideId "12401226"]
[WhiteElo "2353"]
[BlackElo "2286"]
[Result "1-0"]
[Round "6"]
[TimeControl "180+2"]
[Date "2023.06.13"]
[WhiteClock "0:00:59"]
[BlackClock "0:00:00"]
[Board "80"]

1. d4 d5 2. c4 dxc4 3. Nf3 Nf6 4. Nc3 a6 5. e3 b5 6. a4 b4 7. Na2 e6 8. Bxc4 Bb7 9. O-O Be7 10. Bd2 a5 11. Nc1 Nbd7 12. Nb3 O-O 13. Qc2 c5 14. dxc5 Rc8 15. Qd3 Ne4 16. Rfd1 Nexc5 17. Nxc5 Nxc5 18. Qe2 Qb6 19. Nd4 Bf6 20. Be1 Rfd8 21. f3 h6 22. Bf2 Na6 23. Nb3 Nb8 24. e4 Qc7 25. Rdc1 Qe5 26. Rab1 Nc6 27. Bb5 g6 28. Rc5 Qd6 29. Rbc1 Ne5 30. Nxa5 1-0


[Site "https://www.chess.com"]

[Event "Titled Tuesday Blitz June 13 Early 2023"]
[White "Miranda, Rafael"]
[Black "Akylbek2021"]
[WhiteFideId "130990"]
[WhiteElo "2204"]
[BlackElo "2503"]
[Result "0-1"]
[Round "6"]
[TimeControl "180+2"]
[Date "2023.06.13"]
[WhiteClock "0:00:25"]
[BlackClock "0:00:22"]
[Board "81"]

1. e4 c5 2. Nf3 Nc6 3. c3 Nf6 4. d3 e5 5. Be2 g6 6. O-O Bg7 7. h3 O-O 8. Be3 d6 9. Nbd2 a6 10. a3 b5 11. b4 cxb4 12. axb4 Qc7 13. Nb3 Bb7 14. Qd2 Nh5 15. Rfc1 f5 16. exf5 gxf5 17. Bg5 f4 18. Nh2 Nf6 19. Bf3 Ne7 20. Bxf6 Bxf6 21. Na5 Bxf3 22. Nxf3 Kh8 23. Qe2 Qd7 24. Kh1 Rg8 25. Nh2 Nf5 26. Nb3 Nh4 27. Rg1 Be7 28. d4 Raf8 29. dxe5 f3 30. gxf3 Qxh3 31. Rxg8+ Rxg8 32. Qf1 Rg2 33. Qg1 Rxg1+ 34. Rxg1 Nxf3 35. Rg2 Nxh2 36. Nd2 0-1


[Site "https://www.chess.com"]

[Event "Titled Tuesday Blitz June 13 Early 2023"]
[White "cristianserban1"]
[Black "Asavasaetakul, Chawit"]
[BlackFideId "6204856"]
[WhiteElo "2512"]
[BlackElo "1919"]
[Result "1-0"]
[Round "6"]
[TimeControl "180+2"]
[Date "2023.06.13"]
[WhiteClock "0:00:05"]
[BlackClock "0:00:17"]
[Board "82"]

1. d4 d5 2. Bf4 c6 3. e3 Qb6 4. Qc1 Bf5 5. Nf3 Nd7 6. Nbd2 Ngf6 7. c4 e6 8. c5 Qd8 9. b4 Be7 10. Be2 O-O 11. h3 Ne4 12. O-O Re8 13. Nxe4 Bxe4 14. a4 Bf6 15. Bg3 e5 16. Rd1 Bxf3 17. Bxf3 exd4 18. exd4 Nf8 19. b5 Qa5 20. Qd2 Qxd2 21. Rxd2 Ne6 22. Rad1 Ng5 23. Rb1 Nxf3+ 24. gxf3 Re7 25. Bd6 Rd7 26. bxc6 bxc6 27. a5 Be7 28. Bg3 Kf8 29. a6 h5 30. Rb7 Rad8 31. Kf1 h4 32. Bh2 Bf6 33. Ke2 Bg5 34. Rdb2 Bc1 35. R2b3 Ke7 36. Kd3 Ke6 37. Rxd7 Rxd7 38. Rb7 g5 39. Bb8 Bf4 40. Bxa7 Rd8 41. Bb6 Ra8 42. a7 f5 43. Rh7 Kf6 44. Rh6+ Kg7 45. Rxc6 g4 46. fxg4 fxg4 47. Re6 gxh3 48. Re1 h2 49. c6 Kg6 50. c7 Kf5 51. Rh1 Kg4 52. Ke2 Kh3 53. Kf3 Bd6 54. Rb1 Rf8+ 55. Ke2 Kg2 56. Rc1 Bxc7 57. Bxc7 h1=Q 58. Rxh1 Kxh1 59. Bb8 Re8+ 60. Kd3 Kg2 61. a8=Q h3 62. Qxd5+ Kxf2 63. Qf7+ Kg2 64. Qxe8 h2 65. Bxh2 Kxh2 66. d5 1-0


[Site "https://www.chess.com"]

[Event "Titled Tuesday Blitz June 13 Early 2023"]
[White "Vlassov, Nikolai"]
[Black "Turzo, Attila"]
[WhiteFideId "4103360"]
[BlackFideId "704954"]
[WhiteElo "2324"]
[BlackElo "2499"]
[Result "1-0"]
[Round "6"]
[TimeControl "180+2"]
[Date "2023.06.13"]
[WhiteClock "0:00:54"]
[BlackClock "0:00:57"]
[Board "83"]

1. e4 d6 2. f4 g6 3. Nc3 Bg7 4. Nf3 Nf6 5. e5 dxe5 6. fxe5 Nd5 7. Bc4 Nxc3 8. bxc3 O-O 9. O-O c5 10. d4 Nc6 11. Be3 Na5 12. Be2 Be6 13. Qe1 f6 14. dxc5 Nc4 15. Bxc4 Bxc4 16. Rf2 fxe5 17. Rd2 Qc7 18. Qh4 Rad8 19. Qxc4+ Kh8 20. Ng5 Rxd2 21. Bxd2 e6 22. Nxe6 Qf7 23. Rf1 Qxf1+ 24. Qxf1 Rxf1+ 25. Kxf1 Kg8 26. Nxg7 Kxg7 27. Ke2 Kf6 28. Kf3 Kf5 29. g4+ Ke6 30. Ke4 h5 31. gxh5 gxh5 32. Be1 a6 33. Bg3 a5 34. Bxe5 a4 35. c4 h4 36. Bf4 h3 37. Bg3 Kd7 38. Kd5 a3 39. Bf4 Kc8 40. Bc1 Kb8 41. Bxa3 Ka7 42. Bc1 Ka6 43. Bd2 Ka7 44. Ke4 Kb8 45. Kf3 Kc7 46. Kg3 Kc6 47. Be3 b5 48. cxb6 Kb7 49. Kxh3 Ka6 50. Kg4 1-0


[Site "https://www.chess.com"]

[Event "Titled Tuesday Blitz June 13 Early 2023"]
[White "Kovalevsky, Stanislav"]
[Black "Kashlinskaya, Alina"]
[WhiteFideId "13508598"]
[BlackFideId "4198026"]
[WhiteElo "2112"]
[BlackElo "2383"]
[Result "0-1"]
[Round "6"]
[TimeControl "180+2"]
[Date "2023.06.13"]
[WhiteClock "0:00:12"]
[BlackClock "0:02:01"]
[Board "84"]

1. c4 Nf6 2. Nc3 g6 3. g3 Bg7 4. Bg2 O-O 5. e4 d6 6. b4 a5 7. b5 e5 8. Nge2 Nbd7 9. O-O Nc5 10. Ba3 Be6 11. Nd5 c6 12. bxc6 bxc6 13. Bxc5 dxc5 14. Ne3 Qd3 15. Nc1 Qd6 16. d3 Rfd8 17. Qa4 Nd7 18. Rb1 Nf8 19. Rb6 Bd7 20. Rd1 Ne6 21. Nb3 Nd4 22. Qa3 Qc7 23. Qxc5 Bf8 24. Nd5 Bxc5 25. Nxc7 Bxb6 26. Nxa8 Rxa8 27. f4 Nxb3+ 28. Kf1 0-1


[Site "https://www.chess.com"]

[Event "Titled Tuesday Blitz June 13 Early 2023"]
[White "Khamdamova, Afruza"]
[Black "Haug, Havard"]
[WhiteFideId "14210444"]
[BlackFideId "1547887"]
[WhiteElo "2312"]
[BlackElo "2396"]
[Result "0-1"]
[Round "6"]
[TimeControl "180+2"]
[Date "2023.06.13"]
[WhiteClock "0:00:31"]
[BlackClock "0:00:24"]
[Board "85"]

1. e4 c6 2. d4 d5 3. Nc3 dxe4 4. Nxe4 Nf6 5. Qd3 g6 6. Nxf6+ exf6 7. Nf3 Be6 8. Be2 Bg7 9. O-O O-O 10. Bf4 Nd7 11. c3 Re8 12. Rfe1 Nb6 13. h3 Qd7 14. Nd2 Nd5 15. Bh2 Bf5 16. Qg3 Bh6 17. Rad1 Re7 18. c4 Bc2 19. Bg4 f5 20. cxd5 Bxd1 21. Rxd1 Bxd2 22. dxc6 bxc6 23. Bf3 Qxd4 24. Qd6 Qxd6 25. Bxd6 Re1+ 26. Rxe1 Bxe1 27. Bxc6 Rc8 28. Ba4 Rc1 29. Kh2 Bxf2 30. g3 Bc5 31. Be5 Re1 32. Bc3 Re2+ 33. Kh1 Bd6 34. Bb5 Re3 35. Bf1 Bxg3 36. Bd4 Re1 37. Kg2 Be5 38. Bxa7 Bxb2 39. a4 Ra1 40. Bb5 Bf6 41. Bb6 Bc3 42. Kf3 h5 43. Kg2 Kg7 44. Bd8 g5 45. Bxg5 f6 46. Bf4 Be5 47. Bd2 Ra2 0-1


[Site "https://www.chess.com"]

[Event "Titled Tuesday Blitz June 13 Early 2023"]
[White "Jovic, Stanoje"]
[Black "Altman, Joshua"]
[WhiteFideId "905020"]
[BlackFideId "426210"]
[WhiteElo "2236"]
[BlackElo "2028"]
[Result "1-0"]
[Round "6"]
[TimeControl "180+2"]
[Date "2023.06.13"]
[WhiteClock "0:00:12"]
[BlackClock "0:00:00"]
[Board "86"]

1. c4 e5 2. g3 Nc6 3. Bg2 Nf6 4. Nf3 Bc5 5. O-O d6 6. e3 O-O 7. d4 Bb6 8. h3 h6 9. a3 exd4 10. exd4 Ne7 11. b4 c6 12. Nc3 d5 13. c5 Bc7 14. Ne5 Be6 15. f4 Nd7 16. g4 f5 17. Ra2 Nxe5 18. fxe5 fxg4 19. Rxf8+ Qxf8 20. Rf2 Qe8 21. hxg4 Qg6 22. Rf4 Rf8 23. Rxf8+ Kxf8 24. Bf3 Bxg4 25. Bxg4 h5 26. Qf3+ Kg8 27. Ne2 hxg4 28. Qf4 Nf5 29. Qg5 Qxg5 30. Bxg5 Kf7 31. Kg2 Kg6 32. Bd2 Nh4+ 33. Kg3 Nf3 34. Be3 Kf5 35. Kf2 Bd8 36. Ng3+ Kg6 37. Kg2 Bg5 38. Bf2 Bc1 39. a4 Bb2 40. Ne2 Kf5 41. Kg3 Ke4 42. e6 Ng5 43. e7 1-0


[Site "https://www.chess.com"]

[Event "Titled Tuesday Blitz June 13 Early 2023"]
[White "ArtemDyachuk"]
[Black "GMFYHR1"]
[WhiteElo "2624"]
[BlackElo "2460"]
[Result "0-1"]
[Round "6"]
[TimeControl "180+2"]
[Date "2023.06.13"]
[WhiteClock "0:00:00"]
[BlackClock "0:00:06"]
[Board "87"]

1. Nf3 d5 2. e3 Nf6 3. b3 g6 4. Bb2 Bg7 5. c4 c6 6. cxd5 cxd5 7. Nc3 O-O 8. Rc1 Nc6 9. Be2 e5 10. d4 e4 11. Ne5 Be6 12. Nxc6 bxc6 13. Na4 Rc8 14. Nc5 Nd7 15. Na6 Qb6 16. Ba3 Rfe8 17. O-O h5 18. Bc5 Qb7 19. b4 Nxc5 20. bxc5 Bg4 21. Rb1 Qd7 22. Bxg4 hxg4 23. Qb3 Re7 24. Rb2 Qf5 25. g3 Qh5 26. Rfb1 g5 27. Qd1 Re6 28. Rb8 Rxb8 29. Rxb8+ Kh7 30. Qf1 f5 31. Rb7 f4 32. exf4 gxf4 33. gxf4 Qf5 34. Qg2 Qxf4 35. Qg3 Qg5 36. Nc7 Re7 37. Rb8 Bxd4 38. h4 Qc1+ 39. Kg2 Be5 40. Qxg4 Rg7 41. Qxg7+ Bxg7 42. Ne6 Qh6 43. Ng5+ Kg6 44. Kh3 Bf6 45. Rg8+ Kf5 46. Nf7 Qf4 47. Nd6+ Ke5 48. Re8+ Kd4 49. Kg2 Qf3+ 50. Kg1 Bxh4 51. Rg8 Bxf2+ 52. Kf1 Qf4 53. Ke2 Be3 54. Kd1 Qf2 0-1


[Site "https://www.chess.com"]

[Event "Titled Tuesday Blitz June 13 Early 2023"]
[White "Chernobay, Artem"]
[Black "Mogirzan, Matei-Valeriu"]
[WhiteFideId "4167406"]
[BlackFideId "1257455"]
[WhiteElo "2474"]
[BlackElo "1733"]
[Result "1-0"]
[Round "6"]
[TimeControl "180+2"]
[Date "2023.06.13"]
[WhiteClock "0:01:24"]
[BlackClock "0:00:02"]
[Board "88"]

1. d4 Nf6 2. c4 e6 3. Nf3 a5 4. g3 d5 5. Nbd2 Bb4 6. a3 Bxd2+ 7. Nxd2 dxc4 8. e3 Qd5 9. Rg1 O-O 10. Bxc4 Qd7 11. g4 b5 12. g5 Nd5 13. Bd3 c5 14. Ne4 c4 15. Nf6+ Nxf6 16. gxf6 g6 17. Qh5 Kh8 18. Qh6 Rg8 19. Rg4 Qd5 20. Qxh7+ Kxh7 21. Rh4+ Qh5 22. Rxh5# 1-0


[Site "https://www.chess.com"]